 Dungeon Crawl Stone Soup version 0.16.1-4-g8e1b745 (webtiles) character file.

6800 Psiweapon the Pandemonic (level 11, -2/99 HPs)
             Began as a Hill Orc Gladiator on Mar 27, 2015.
             Was a High Priest of Makhleb.
             Slain by a demonic crawler (5 damage)
             ... on level 1 of the Abyss on Mar 28, 2015.
             The game lasted 00:41:53 (9684 turns).

Psiweapon the Pandemonic (Hill Orc Gladiator)       Turns: 9684, Time: 00:41:53

Health: -2/99      AC: 13    Str: 19      XL:     11   Next: 5%
Magic:  25/25      EV: 14    Int: 11      God:    Makhleb [*****.]
Gold:   669        SH:  0    Dex:  9 (11) Spells: 0 memorised, 10 levels left

rFire  . . .     SeeInvis .     L - +0 battleaxe
rCold  + . .     Clarity  .     v - +3 ring mail {rC+}
rNeg   . . .     SustAb   .     (no shield)
rPois  .         Gourm    .     (helmet restricted)
rElec  .         Spirit   .     (no cloak)
rCorr  .         Warding  .     E - +0 pair of gloves
rMut   .         Stasis   .     (no boots)
MR     .....                    (no amulet)
Stlth  ..........               G - +3 ring of protection
                                y - +3 ring of evasion

@: about to teleport, not resistant to hostile enchantments, extremely
unstealthy
A: horns 1, low mp 1, no device heal 1, MP-powered wands 1
a: Minor Destruction, Lesser Servant of Makhleb, Major Destruction, Greater
Servant of Makhleb, Renounce Religion


You were on level 1 of the Abyss.
You worshipped Makhleb.
Makhleb was extremely pleased with you.
You were not hungry.

You visited 1 branch of the dungeon, and saw 10 of its levels.
You visited the Abyss 1 time.

You collected 669 gold pieces.

Inventory:

Hand weapons
 a - a +1 war axe
 w - a +0 hand crossbow
 L - a +0 battleaxe (weapon)
 N - a +0 hand crossbow
Missiles
 d - 2 throwing nets
 x - 9 tomahawks (quivered)
 A - 39 bolts
 F - 4 javelins
Armour
 c - a +0 helmet
 o - a +0 shield
 v - a +3 ring mail of cold resistance (worn)
 E - a +0 pair of gloves (worn)
Jewellery
 l - an uncursed ring of protection from cold
 y - a +3 ring of evasion (left hand)
 z - an uncursed amulet of inaccuracy
 G - a +3 ring of protection (right hand)
 H - an uncursed ring of magical power
Magical devices
 h - a wand of digging (15)
 m - a wand of disintegration (13)
 C - a wand of lightning (3)
 D - a wand of hasting (1)
 K - a wand of polymorph (6)
Scrolls
 e - 3 scrolls of remove curse
 j - a scroll of teleportation
 r - 2 scrolls of recharging
 t - 2 scrolls of amnesia
 I - a scroll of enchant weapon
 M - a scroll of identify
Potions
 b - 2 potions of curing
 g - 4 potions of heal wounds
 n - a potion of cancellation
 p - a potion of might
 q - a potion of invisibility
 u - 2 potions of restore abilities
 J - a potion of berserk rage {unknown}
 P - a potion of cure mutation {unknown}
Books
 B - a book of Power

   Spells                             Type                      Level
   a - Fulminant Prism                Conjuration/Hexes            4
   b - Iskenderun's Mystic Blast      Conjuration                  4
   c - Venom Bolt                     Conjuration/Poison           5
   d - Bolt of Magma                  Conjuration/Fire/Earth       5
   e - Iron Shot                      Conjuration/Earth            6
   f - Orb of Destruction             Conjuration                  7
   g - Spellforged Servitor           Conjuration/Summoning        7
Comestibles
 f - 4 meat rations
 i - 4 beef jerkies
 k - 8 bread rations
 s - 2 fruits
 O - 6 chunks of flesh


   Skills:
 + Level 9.7 Fighting
 - Level 10.1 Axes
 - Level 2.0 Throwing
 - Level 5.0 Armour
 - Level 2.4 Dodging
 * Level 14.5 Invocations


You had 10 spell levels left.
You didn't know any spells.

Dungeon Overview and Level Annotations

Branches:
Dungeon (10/15)            Temple (0/1) D:6            Lair (0/8) D:8
    Orc: D:9-12

Altars:
Ashenzari
Dithmenos
Elyvilon
Makhleb
Nemelex Xobeh
Ru
Trog
Vehumet
Zin
The Shining One

Shops:
D:6 :   D:9 =

Annotations:
D:10 Sonja


Innate Abilities, Weirdness & Mutations

You have a pair of small horns on your head.
Your magical capacity is low (-10% MP).
Potions and wands are less effective at restoring your health.
You expend magic power (3 MP) to slightly strengthen your wands.


Message History

The demonic crawler hits you but does no damage.
The demonic crawler closely misses you. The demonic crawler barely misses you.
The demonic crawler hits you but does no damage.
The demonic crawler closely misses you.
You hear a grinding noise.
You hear a grinding noise.
The demonic crawler hits you.
* * * LOW HITPOINT WARNING * * *
The demonic crawler closely misses you. The demonic crawler barely misses you.
A starcursed mass comes into view.
A starcursed mass splits.
Found a scroll of random uselessness.
A starcursed mass splits.
A chorus of shrieks assaults your mind.
* * * LOW HITPOINT WARNING * * *
A starcursed mass splits.
A starcursed mass splits.
The demonic crawler barely misses you. The demonic crawler hits you.
You die...

###...##......#
#..# #...###...#
#.X #.#.#..#...
#X###.##...#..
#X..#........# #
#...#.....##..
#.#..#..#....#.#
#.....§s...#.#.#
#.#..#.#@.#.###..
#.....###.#
#...#.#.... #.#
##. #..###.# .# #
... ## #.## . .


You could see 3 starcursed masses and a demonic crawler.

Vanquished Creatures
  A hill giant (D:10)
  A troll (D:9)
  A hungry ghost (D:10)
  6 yaks (D:10)
  2 hippogriffs
  2 wargs (D:8)
  An ice beast (D:7)
  6 orc warriors
  A black bear (D:9)
  2 sky beasts
  2 phantoms
  4 big kobolds
  3 ogres
  A centaur (D:9)
  3 gnoll sergeants
  A giant frog (D:8)
  A water moccasin zombie (D:6)
  6 scorpions
  4 wights (D:8)
  An electric eel (D:6)
  7 crimson imps
  A quasit (D:9)
  3 goliath beetles
  8 hounds
  5 orc priests
  7 orc wizards
  A giant frog skeleton (D:6)
  2 centaur skeletons
  3 iguanas
  2 worker ants
  A killer bee zombie (D:7)
  A hound zombie (D:10)
  11 adders
  18 gnolls
  2 giant mites
  3 worms
  An adder zombie (D:7)
  3 oozes (D:2)
  42 orcs
  A bat skeleton (D:4)
  28 hobgoblins
  16 jackals
  29 kobolds
  8 quokkas
  15 bats
  9 giant cockroaches
  3 giant geckos
  A giant gecko zombie (D:5)
  11 giant newts
  55 goblins
  A jackal skeleton (D:6)
  15 rats
362 creatures vanquished.

Vanquished Creatures (collateral kills)
  An ugly thing (D:7)
  An orc warrior (D:7)
  A giant frog (D:7)
  A jelly (D:7)
  An orc wizard (D:7)
  2 orcs (D:7)
  A kobold (D:7)
8 creatures vanquished.

Vanquished Creatures (others)
  An orange demon (D:7)
  A shadow imp (D:7)
2 creatures vanquished.

Grand Total: 372 creatures vanquished

Notes
Turn   | Place    | Note
--------------------------------------------------------------
     0 | D:1      | Psiweapon, the Hill Orc Gladiator, began the quest for the Orb.
     0 | D:1      | Reached XP level 1. HP: 18/18 MP: 1/1
    84 | D:1      | Reached XP level 2. HP: 15/25 MP: 2/2
   472 | D:2      | Reached skill level 5 in Axes
   472 | D:2      | Reached skill level 1 in Armour
   472 | D:2      | Reached XP level 3. HP: 21/30 MP: 3/3
   908 | D:2      | Reached XP level 4. HP: 33/37 MP: 4/4
  1023 | D:1      | Reached skill level 6 in Axes
  1499 | D:2      | Found a glowing golden altar of the Shining One.
  1671 | D:2      | Found a burning altar of Makhleb.
  1671 | D:2      | Found a shattered altar of Ashenzari.
  1674 | D:2      | Became a worshipper of Makhleb the Destroyer
  2107 | D:3      | Reached XP level 5. HP: 42/42 MP: 5/5
  2214 | D:3      | Found a shadowy altar of Dithmenos.
  2289 | D:3      | Acquired Makhleb's first power
  2335 | D:3      | Found a bloodstained altar of Trog.
  2394 | D:5      | Entered Level 5 of the Dungeon
  2411 | D:4      | Noticed an ogre
  2420 | D:4      | Killed an ogre
  2420 | D:4      | Reached skill level 7 in Axes
  2472 | D:3      | Reached XP level 6. HP: 46/50 MP: 6/6
  2949 | D:4      | Noticed a scorpion
  2964 | D:4      | Killed a scorpion
  3084 | D:4      | Found a sparkling altar of Nemelex Xobeh.
  3261 | D:4      | Reached skill level 8 in Axes
  3953 | D:6      | Gained mutation: You expend magic power (3 MP) to slightly strengthen your wands. [mutagenic meat]
  3954 | D:6      | Gained mutation: Potions and wands are less effective at restoring your health. [mutagenic meat]
  3955 | D:6      | Gained mutation: Your magical capacity is low (-10% MP). [mutagenic meat]
  4020 | D:6      | Reached XP level 7. HP: 53/56 MP: 6/6
  4023 | D:5      | Noticed an ogre
  4034 | D:5      | Killed an ogre
  4034 | D:5      | Reached skill level 9 in Axes
  4126 | D:6      | Acquired Makhleb's second power
  4128 | D:6      | Found a staircase to the Ecumenical Temple.
  4134 | D:6      | Found Xarex's Book Shop.
  4213 | D:5      | Found a radiant altar of Vehumet.
  4654 | D:5      | Found a sacrificial altar of Ru.
  5357 | D:6      | Found a bloodstained altar of Trog.
  5365 | D:6      | Reached skill level 10 in Axes
  5430 | D:6      | Acquired Makhleb's third power
  5431 | D:6      | Reached skill level 1 in Invocations
  5544 | D:6      | Reached XP level 8. HP: 62/62 MP: 8/8
  5558 | D:6      | Reached skill level 5 in Armour
  5869 | D:8      | Noticed a green ugly thing
  5872 | D:7      | Noticed a hellwing
  6072 | D:7      | Killed a green ugly thing
  6083 | D:7      | Found a glowing silver altar of Zin.
  6094 | D:7      | Gained mutation: You have a pair of small horns on your head. [potion of beneficial mutation]
  6214 | D:7      | Reached skill level 5 in Fighting
  6419 | D:7      | Reached XP level 9. HP: 66/74 MP: 18/18
  6666 | D:6      | Acquired Makhleb's fourth power
  7853 | D:8      | Found a white marble altar of Elyvilon.
  7879 | D:8      | Reached skill level 10 in Invocations
  8255 | D:9      | Reached skill level 11 in Invocations
  8329 | D:8      | Acquired Makhleb's fifth power
  8338 | D:8      | Reached XP level 10. HP: 62/86 MP: 14/21
  8351 | D:8      | Found a staircase to the Lair.
  8434 | D:9      | Reached skill level 12 in Invocations
  9165 | D:9      | Found Ucyhebem's Jewellery Boutique.
  9337 | D:9      | Reached skill level 13 in Invocations
  9486 | D:10     | Entered Level 10 of the Dungeon
  9540 | D:10     | Noticed a hill giant
  9549 | D:10     | Killed a hill giant
  9549 | D:10     | Reached skill level 14 in Invocations
  9562 | D:10     | Reached XP level 11. HP: 33/97 MP: 23/25
  9580 | D:10     | Noticed Sonja
  9587 | D:10     | Cast into the Abyss (Sonja)
  9652 | Abyss:1  | Noticed a large abomination
  9655 | Abyss:1  | Noticed a cacodemon
  9682 | Abyss:1  | Noticed a starcursed mass
  9683 | Abyss:1  | HP: 3/99 [starcursed mass/accursed screaming (6)]
  9684 | Abyss:1  | Slain by a demonic crawler

Action                   |  1- 3 |  4- 6 |  7- 9 | 10-12 || total
-------------------------+-------+-------+-------+-------++-------
Melee: War axe           |    99 |   223 |   355 |    36 ||   713
       Battleaxe         |       |       |       |   138 ||   138
Throw: Throwing net      |       |     2 |     2 |       ||     4
       Tomahawk          |       |       |     5 |     4 ||     9
Invok: Minor Destruction |       |       |    46 |     4 ||    50
       Lesser Servant of |       |       |     5 |       ||     5
       Major Destruction |       |       |    30 |    25 ||    55
Evoke: Wand              |       |     2 |     2 |       ||     4
  Use: Scroll            |     3 |    13 |     8 |     2 ||    26
       Potion            |       |       |     1 |     1 ||     2
 Stab: Distracted        |       |       |     1 |       ||     1
  Eat: Chunk             |       |    13 |    16 |     9 ||    38
       Pizza             |       |       |     1 |       ||     1
       Fruit             |       |       |     2 |     1 ||     3
